 Dungeon Crawl Stone Soup version 0.26-a0-597-gb535b0901c (webtiles) character file.

Game seed: 16783830430063296266

2835 HoaS the Cruncher (level 10, -7/70 HPs)
             Began as a Formicid Fighter on Aug 31, 2020.
             Was a Believer of Makhleb.
             Mangled by a red ugly thing (19 damage)
             ... on level 7 of the Dungeon.
             The game lasted 00:15:25 (8592 turns).

HoaS the Cruncher (Formicid Fighter)                Turns: 8592, Time: 00:15:25

Health: -7/70      AC: 13    Str: 25    XL:     10   Next: 3%
Magic:  10/10      EV:  6    Int:  7    God:    Makhleb [**....]
Gold:   660        SH: 13    Dex: 10    Spells: 9/9 levels left

rFire    . . .     SeeInvis +   a - +0 quarterstaff
rCold    . . .     Faith    .   c - +1 kite shield
rNeg     . . .     Spirit   .   r - +1 plate armour
rPois    .         Reflect  .   (helmet unavailable)
rElec    .         Harm     .   s - +0 cloak
rCorr    .                      (no gloves)
MR       +....                  (no boots)
Stlth    ..........             (no amulet)
HPRegen  0.21/turn              (no ring)
MPRegen  0.12/turn              (no ring)

@: no status effects
A: permanent stasis, dig shafts and tunnels, four strong arms, antennae 3
a: Dig, Shaft Self, Minor Destruction, Renounce Religion


You were on level 7 of the Dungeon.
You worshipped Makhleb.
Makhleb was pleased with you.
You visited 2 branches of the dungeon, and saw 9 of its levels.

You collected 660 gold pieces.

Inventory:

Hand Weapons
 a - a +0 quarterstaff (weapon)
Missiles
 q - 14 bolts
Armour
 c - a +1 kite shield (worn)
 r - a +1 plate armour (worn)
 s - a +0 cloak (worn)
Jewellery
 e - a +4 ring of slaying
 u - an uncursed ring of poison resistance {unknown}
Wands
 f - a wand of random effects (16)
 o - a wand of iceblast (12)
 p - a wand of disintegration (15)
Scrolls
 b - 6 scrolls of remove curse
 i - 4 scrolls of identify
 m - 2 scrolls of enchant armour
 n - a scroll of fear
Potions
 g - 3 potions of curing
 h - 2 potions of stabbing
 j - a potion of cancellation
 k - 2 potions of flight
 l - 2 potions of mutation
 t - a potion of lignification {unknown}


   Skills:
 - Level 3.2 Fighting
 * Level 11.2 Staves
 - Level 3.2 Armour
 - Level 9.0 Shields


You had 9 spell levels left.
You didn't know any spells.
Your spell library contained the following spells:

 Spells                   Type           Power        Failure   Level
 Magic Dart               Conj           #...         100%        1
 Call Imp                 Summ           #.......     100%        2
 Slow                     Hex            #.......     100%        2
 Conjure Flame            Conj/Fire      #.......     100%        3
 Mephitic Cloud           Conj/Pois/Air  #.......     100%        3
 Blink                    Tloc           Unusable     N/A         2

Dungeon Overview and Level Annotations

Branches:
Dungeon (8/15)             Temple (1/1) D:5
   Lair: D:8-11

Altars:
Ashenzari
Cheibriados
Dithmenos
Elyvilon
Fedhas
Gozag
Hepliaklqana
Kikubaaqudgha
Makhleb
Nemelex Xobeh
Okawaru
Qazlal
Ru
Sif Muna
Trog
Uskayaw
Vehumet
Wu Jian
Xom
Yredelemnul
Zin
The Shining One


Innate Abilities, Weirdness & Mutations

You cannot be hasted, slowed, berserked, paralysed or teleported.
You can dig through walls and to a lower floor.
Your four strong arms can wield two-handed weapons with a shield.
You have a pair of large antennae on your head. (SInv)


Message History

Okay, then.
You hit the red ugly thing.
The red ugly thing is lightly wounded.
You hit the red ugly thing.
The red ugly thing is lightly wounded.
The red ugly thing engulfs you.
You are engulfed in flames!
You hit the red ugly thing.
The red ugly thing is lightly wounded.
The red ugly thing engulfs you!
You are engulfed in flames!!
You closely miss the red ugly thing.
The red ugly thing is lightly wounded.
You block the red ugly thing's attack.
You sock the red ugly thing!
The red ugly thing is lightly wounded.
You sock the red ugly thing!
The red ugly thing is moderately wounded.
The red ugly thing engulfs you!
* * * LOW HITPOINT WARNING * * *
You are engulfed in flames!!
You die...

..[......####.# #.#
###########...# #.# #
#.### #.# # #.# #.#
##### #.# #.# ....#
#.# #.# ###.# #[# ###
#.# #†# #.###u###.#
#.# #..{{#@##.# #.#
#.##.####.# #.####
####{## #.# #....#
#.).# #.# # ####.#
#8?o.8##.# ### ##.##
#.....##.#
..###.#.###.......#.#
.....###..#.8...8.#.#
#...#.#.###=......###


You could see a red ugly thing.

Vanquished Creatures
  Prince Ribbit (D:7)
  Eustachio (D:5)
  Duvessa (D:4)
  A water moccasin (D:6)
  An orc warrior (D:7)
  An ice beast (D:6)
  2 sky beasts
  A black bear (D:7)
  2 ogres (D:7)
  Blork the orc (D:5)
  4 bullfrogs
  Dowan (D:4)
  6 scorpions
  3 wights (D:7)
  2 orc priests (D:7)
  3 bullfrog skeletons
  7 orc wizards
  A centaur skeleton (D:4)
  Jessica (D:3)
  2 iguanas
  Ijyb (D:3)
  Terence (D:2)
  4 worker ants
  A hound skeleton (D:7)
  9 adders
  2 shadow imps (D:5)
  3 white imps
  An ufetubus (D:7)
  An ooze (D:2)
  4 worms
  2 dart slugs
  3 leopard geckos
  32 orcs
  6 giant cockroaches
  8 hobgoblins
  4 jackals (D:3)
  9 kobolds
  5 quokkas
  5 bats
  4 frilled lizards
  8 goblins
  A leopard gecko skeleton (D:4)
  A leopard gecko zombie (D:5)
  5 rats
162 creatures vanquished.

Vanquished Creatures (others)
  3 toadstools (D:5)
3 creatures vanquished.

Grand Total: 165 creatures vanquished

Notes
Turn   | Place    | Note
-------+----------+-------------------------------------------
     0 | D:1      | HoaS the Formicid Fighter began the quest for the Orb.
     0 | D:1      | Reached XP level 1. HP: 18/18 MP: 1/1
   160 | D:1      | Reached XP level 2. HP: 15/24 MP: 2/2
   679 | D:1      | Reached XP level 3. HP: 29/29 MP: 3/3
   694 | D:1      | Reached skill level 3 in Staves
  1028 | D:2      | Noticed Terence
  1038 | D:2      | Killed Terence
  1038 | D:2      | Reached XP level 4. HP: 29/35 MP: 4/4
  1584 | D:3      | Found a white marble altar of Elyvilon.
  1596 | D:3      | Reached skill level 4 in Staves
  1723 | D:3      | Reached XP level 5. HP: 41/41 MP: 5/5
  2050 | D:3      | Found a bloodstained altar of Trog.
  2057 | D:3      | Found an iron altar of Okawaru.
  2422 | D:3      | Noticed Ijyb
  2440 | D:3      | Killed Ijyb
  2525 | D:3      | Noticed Jessica
  2543 | D:3      | Reached skill level 5 in Shields
  2549 | D:3      | Killed Jessica
  2696 | D:3      | Reached XP level 6. HP: 43/47 MP: 6/6
  2930 | D:4      | Found an ornate altar of the Wu Jian Council.
  2938 | D:4      | Reached skill level 5 in Staves
  2959 | D:4      | Found a basalt altar of Yredelemnul.
  3173 | D:4      | Found a glowing golden altar of the Shining One.
  3517 | D:4      | Reached XP level 7. HP: 43/52 MP: 7/7
  3664 | D:4      | Noticed an angel
  3699 | D:5      | Entered Level 5 of the Dungeon
  3700 | D:5      | Noticed Blork the orc
  3716 | D:5      | Killed Blork the orc
  3716 | D:5      | Reached skill level 6 in Staves
  3740 | D:5      | Found a staircase to the Ecumenical Temple.
  3756 | Temple   | Entered the Ecumenical Temple
  3943 | Temple   | Became a worshipper of Makhleb the Destroyer
  4114 | D:5      | Found a stormy altar of Qazlal.
  4127 | D:5      | You fall into a shaft and drop 3 floors!
  4158 | D:7      | Reached skill level 7 in Staves
  4158 | D:7      | Reached XP level 8. HP: 52/58 MP: 8/8
  4228 | D:5      | Noticed Eustachio
  4262 | D:5      | Killed Eustachio
  4950 | D:5      | Noticed Duvessa
  4950 | D:5      | Noticed Dowan
  4964 | D:4      | Found a sparkling altar of Nemelex Xobeh.
  4964 | D:4      | Found a sacrificial altar of Ru.
  5209 | D:4      | Killed Duvessa
  5209 | D:4      | Reached skill level 8 in Staves
  5221 | D:4      | Killed Dowan
  5482 | D:5      | Found an opulent altar of Gozag.
  5764 | D:6      | Reached * piety under Makhleb
  5907 | D:6      | Reached XP level 9. HP: 61/64 MP: 9/9
  6003 | D:6      | Reached skill level 9 in Staves
  6609 | D:6      | Found a shimmering blue altar of Sif Muna.
  7447 | D:7      | Noticed Prince Ribbit
  7470 | D:7      | Killed Prince Ribbit
  7470 | D:7      | Reached skill level 10 in Staves
  8293 | D:7      | Found a runed translucent door.
  8496 | D:7      | Reached skill level 11 in Staves
  8504 | D:7      | Reached XP level 10. HP: 70/70 MP: 10/10
  8534 | D:7      | Reached ** piety under Makhleb
  8577 | D:7      | Noticed a red ugly thing
  8592 | D:7      | Mangled by a red ugly thing

Illustrated notes

Levels and vault maps discovered:
D:1:      nicolae_arrival_somewhat_less_tricky_arrival, layout_basic,
          minmay_box_of_dots
D:2:      layout_basic, uniq_terence
D:3:      layout_basic, amethyst_overflow_temple_binary, lemuel_doored_altar,
          minmay_fractal_squares_diagonal_5, uniq_ijyb, uniq_jessica
D:4:      layout_basic, grunt_temple_overflow_holy_war,
          nicolae_overflow_hidden_temple
D:5:      layout_cave_pods, minmay_temple_entry_butterflies, basic_altar,
          minmay_gold_behind_fungi, serial_park_tiny_1, grunt_gozag_breadcrumbs,
          uniq_eustachio, uniq_blork_the_orc, uniq_duvessa
D:6:      layout_cave_pools, led_sif_book
D:7:      layout_loops_ring, lightli_church_of_beogh, uniq_prince_ribbit1
D:8:      layout_basic, uniq_pikel
Temple:   nicolae_temple_figure_eight

Skill      XL: |  1  2  3  4  5  6  7  8  9 |
---------------+----------------------------+-----
Shields        | 4 5 6 8 9 |  9.0
Staves         | 3 4 5 7 8 11 | 11.2
Fighting       | |  3.2
Armour         | |  3.2

Action                   |  1- 3 |  4- 6 |  7- 9 | 10-12 || total
-------------------------+-------+-------+-------+-------++-------
Melee: Quarterstaff      |    53 |   202 |   351 |    51 ||   657
 Abil: Dig               |       |       |     5 |       ||     5
Evoke: Wand              |       |       |     4 |       ||     4
  Use: Scroll            |     4 |    11 |     7 |       ||    22
       Potion            |       |       |     2 |       ||     2
 Stab: Distracted        |       |       |     1 |       ||     1
Armor: Scale mail        |    15 |       |       |       ||    15
       Chain mail        |       |    58 |    93 |       ||   151
       Plate armour      |       |       |    18 |     4 ||    22
Dodge: Dodged            |     7 |    34 |    63 |     3 ||   107
Block: Kite shield       |    19 |   105 |   185 |    10 ||   319

Table legend: (Time is in decaauts)
 A = Elapsed time spent in this place.
 B = Non-inter-level travel time spent in this place.
 C = Inter-level travel time spent in this place.
 D = Time resting spent in this place.
 E = Time spent auto-exploring this place.
 F = Levels seen in this place.
 G = Mean time per level.
                   A        B        C        D        E       F      G
               +--------+--------+--------+--------+--------+-----+--------+
         Total |   8583 |   8323 |    260 |   1333 |   5543 |   9 |  953.7 |
       Dungeon |   8363 |   8145 |    218 |   1333 |   5368 |   8 | 1045.4 |
        Temple |    219 |    177 |     42 |      0 |    175 |   1 |  219.0 |
               +--------+--------+--------+--------+--------+-----+--------+

Top non-repeatable levels by time:
     D:7: 1628 daAuts
     D:3: 1353 daAuts
     D:5: 1325 daAuts
     D:6: 1259 daAuts
     D:4: 1172 daAuts
     D:1: 931 daAuts
     D:2: 672 daAuts
  Temple: 219 daAuts
     D:8: 19 daAuts
